 Dungeon Crawl Stone Soup version 0.20.1-1-g8b1a95d (console) character file.

242 bli the Magician (level 6, -1/34 HPs)
             Began as a Gargoyle Fire Elementalist on Aug 19, 2017.
             Killed from afar by an orc wizard (4 damage)
             ... with a puff of frost
             ... on level 3 of the Dungeon.
             The game lasted 00:11:10 (2871 turns).

bli the Magician (Gargoyle Fire Elementalist)       Turns: 2871, Time: 00:11:11

Health: -1/34      AC:  6    Str: 12    XL:     6   Next: 9%
Magic:  5/12       EV: 12    Int: 17    God:
Gold:   210        SH:  0    Dex: 10    Spells: 9/14 levels left

rFire    . . .     SeeInvis .   l - -1 short sword (curse)
rCold    . . .     Gourm    .   (no shield)
rNeg     + . .     Faith    .   a - +0 robe
rPois    ∞         Spirit   .   (no helmet)
rElec    +         Reflect  .   (no cloak)
rCorr    .         Harm     .   (no gloves)
MR       .....                  (no boots)
Stlth    ++........             (no amulet)
Regen    0.2/turn               (no ring)
MPRegen  0.2/turn               (no ring)

@: very slightly contaminated
A: negative energy resistance 1, electricity resistance, unbreathing,
petrification resistance, rot immunity, AC +4
a: no special abilities


You were on level 3 of the Dungeon.
You were not hungry.

You visited 1 branch of the dungeon, and saw 4 of its levels.

You collected 210 gold pieces.

Inventory:

Hand Weapons
 f - a +0 whip
 l - a cursed -1 short sword (weapon)
 m - a +0 mace
 s - a +0 whip
 t - a +0 short sword of speed
 v - a +1 short sword of venom
 y - a +0 flail
 z - a +0 mace
Missiles
 j - 136 stones (quivered)
Armour
 a - a +0 robe (worn)
 p - a +0 leather armour
Jewellery
 k - a cursed -4 ring of protection {unknown}
Wands
 x - a wand of flame (23/48)
Scrolls
 d - 2 scrolls of amnesia
 e - a scroll of recharging {unknown}
 n - 3 scrolls of identify
 q - a scroll of remove curse {unknown}
 w - 2 scrolls of teleportation {unknown}
Potions
 h - a potion of heal wounds {unknown}
 o - a potion of flight {unknown}
 u - a potion of resistance {unknown}
 A - a potion of curing {unknown}
 C - a potion of degeneration {unknown}
Books
 b - a book of Flames

   Spells                             Type                      Level
   a - Flame Tongue                   Conjuration/Fire             1
   b - Throw Flame                    Conjuration/Fire             2
   c - Conjure Flame                  Conjuration/Fire             3
   d - Inner Flame                    Hexes/Fire                   3
   e - Sticky Flame                   Conjuration/Fire             4
   f - Fireball                       Conjuration/Fire             5
Comestibles
 c - 2 bread rations
 i - a fruit
 r - 2 royal jellies
 B - 2 chunks of flesh


   Skills:
 + Level 1.3 Fighting
 + Level 2.1 Dodging
 - Level 2.1 Stealth
 * Level 4.5 Spellcasting
 + Level 2.1 Conjurations
 + Level 3.6 Fire Magic


You had 9 spell levels left.
You knew the following spells:

 Your Spells              Type           Power        Failure   Level  Hunger
a - Flame Tongue          Conj/Fire      ##...        4%          1    None
s - Sticky Flame          Conj/Fire      ##......     41%         4    ####...


Dungeon Overview and Level Annotations

Branches:
Dungeon (4/15)
 Temple: D:4-7

Altars:
Fedhas
Makhleb
Nemelex Xobeh
Uskayaw

Annotations:
D:3 tidbits's ghost, weakling DgTm


Innate Abilities, Weirdness & Mutations

You are resistant to torment.
Your stone body is resilient. (AC +4)
You are immune to poison.
You resist negative energy. (rN+)
You are resistant to electric shocks. (rElec)
You can survive without breathing.
You are immune to petrification.
You are immune to rotting.


Message History

The orc shouts!
The leopard gecko closely misses you.
The leopard gecko bites you but does no damage.
The orc wizard casts a cantrip, but nothing happens.
There is a stone staircase leading up here.
The leopard gecko misses you. The orc wizard barely misses you.
The ogre misses you.
The leopard gecko completely misses you.
The orc wizard points at you and mumbles some strange words.
The magic dart hits you!
You climb upwards.
Level annotation: tidbits's ghost, weakling DgTm
There is a stone staircase leading down here.
Okay, then.
Unknown command.
Blink to where?
Press: ? - help, Dir - move target cursor
As you read the scroll of blinking, it crumbles to dust.
The orc wizard points at you and mumbles some strange words.
The puff of frost hits you!
You die...

..## #.#.##### #.# #.#
#..#####.#.....# #.# #.#
##...l##.#....[# #.# #.##
####.O#.####..### #.# #..#
##...####....#####.# ##.#
#..###........>.#.# #.#
#.)l#............## #.#
#.#...............# #.#
###.##..♣.o.........# #.#
#......♣_♣..........# #.#
##.###...♣....@......#####
#.# #..#
##........^.........# #.#
##.## ##............####.#
#.#
##..#######..........##
#.###.#
...##.....############
#..##.# #####.....###
##.##.# # #.......#
#..#.## ## #......##
##...(# .#######...#
###..# ..>......### #..#
########## ####


You could see an orc wizard.

Vanquished Creatures
  A bullfrog (D:4)
  An orc priest (D:3)
  An iguana (D:4)
  A worker ant (D:4)
  2 adders (D:2)
  An ooze (D:3)
  A worm (D:3)
  3 dart slugs
  3 leopard geckos
  4 orcs (D:3)
  A ball python (D:4)
  5 bats
  3 giant cockroaches (D:2)
  7 goblins
  8 hobgoblins
  6 jackals
  A kobold (D:1)
  5 frilled lizards
  7 rats
61 creatures vanquished.

Notes
Turn   | Place    | Note
-------+----------+-------------------------------------------
     0 | D:1      | bli the Gargoyle Fire Elementalist began the quest for the Orb.
     0 | D:1      | Reached XP level 1. HP: 10/10 MP: 3/3
   249 | D:1      | Reached XP level 2. HP: 15/15 MP: 2/5
   524 | D:1      | Reached skill level 3 in Spellcasting
   635 | D:1      | Reached XP level 3. HP: 19/19 MP: 5/7
   921 | D:2      | Found a sparkling altar of Nemelex Xobeh.
  1256 | D:2      | Reached XP level 4. HP: 24/24 MP: 5/9
  1265 | D:2      | Learned a level 4 spell: Sticky Flame
  1604 | D:3      | Found a faded altar of an unknown god.
  1873 | D:3      | Found a blossoming altar of Fedhas.
  1968 | D:3      | Found a burning altar of Makhleb.
  2036 | D:3      | Noticed tidbits's ghost (weakling DgTm)
  2361 | D:4      | Found a hide-covered altar of Uskayaw.
  2387 | D:4      | Noticed a phantom
  2402 | D:4      | Reached XP level 5. HP: 28/28 MP: 6/10
  2419 | D:4      | Noticed an ogre
  2598 | D:3      | Reached skill level 4 in Spellcasting
  2828 | D:4      | Reached skill level 1 in Fighting
  2850 | D:4      | Reached XP level 6. HP: 23/34 MP: 2/12
  2853 | D:4      | HP: 1/34 [orc priest/divine providence (12)]
  2871 | D:3      | Killed from afar by an orc wizard

Skill      XL: |  1  2  3  4  5 |
---------------+----------------+-----
Spellcasting   | 3 4 |  4.5
Dodging        | 2 |  2.1
Fighting       | 1 |  1.3
Conjurations   | 2 |  2.1
Stealth        | |  2.1
Fire Magic     | |  3.6

Action                   |  1- 3 |  4- 6 || total
-------------------------+-------+-------++-------
Melee: Unarmed           |     7 |       ||     7
       Whip              |    15 |       ||    15
       Short sword       |    28 |    38 ||    66
Throw: Stone             |       |     1 ||     1
 Cast: Flame Tongue      |    37 |    57 ||    94
  Use: Scroll            |       |     4 ||     4
 Stab: Sleeping          |     3 |     1 ||     4
  Eat: Chunk             |     1 |     5 ||     6
Armor: Robe              |    19 |    22 ||    41
Dodge: Dodged            |    41 |    33 ||    74
